 Dungeon Crawl Stone Soup version 0.24-a0-70-gf44d0c5 (webtiles) character file.

Game seed: 10970323993423667792

4 Frack the Caller (level 1, -1/10 HPs)
             Began as a Kobold Summoner on Feb 6, 2019.
             Slain by a kobold
             ... wielding a cursed -1 short sword
              (6 damage)
             ... on level 1 of the Dungeon.
             The game lasted 00:00:37 (440 turns).

Frack the Caller (Kobold Summoner)                   Turns: 440, Time: 00:00:37

Health: -1/10      AC:  2    Str:  5    XL:     1   Next: 66%
Magic:  0/3        EV: 15    Int: 16    God:
Gold:   9          SH:  0    Dex: 15    Spells: 3/4 levels left

rFire    . . .     SeeInvis .   (weapon restricted)
rCold    . . .     Gourm    .   (shield restricted)
rNeg     . . .     Faith    .   a - +0 robe
rPois    .         Spirit   .   (no helmet)
rElec    .         Reflect  .   (no cloak)
rCorr    .         Harm     .   (no gloves)
MR       .....                  (no boots)
Stlth    ++........             (no amulet)
HPRegen  0.03/turn              (no ring)
MPRegen  0.08/turn              (no ring)

@: no status effects
A: small, carnivore
a: no special abilities


You were on level 1 of the Dungeon.
You were full.

You visited 1 branch of the dungeon, and saw 1 of its levels.

You collected 9 gold pieces.

Inventory:

Armour
 a - a +0 robe (worn)
Scrolls
 d - a scroll of identify {unknown}
Potions
 b - a potion of curing {unknown}
Comestibles
 c - a ration


   Skills:
 + Level 2.4 Dodging
 + Level 2.7 Stealth
 + Level 2.2 Spellcasting
 + Level 4.1 Summonings


You had 3 spell levels left.
You knew the following spells:

 Your Spells              Type           Power        Failure   Level  Hunger
a - Summon Small Mammal   Summ           ###.         3%          1    #......

Your spell library contained the following spells:

 Spells                   Type           Power        Failure   Level  Hunger
 Call Imp                 Summ           ###.....     5%          2    ###....
 Call Canine Familiar     Summ           ###.....     11%         3    ###....
 Summon Guardian Golem    Hex/Summ       #.......     26%         3    ###....
 Summon Ice Beast         Ice/Summ       #.......     65%         4    #####..
 Summon Lightning Spire   Summ/Air       #.......     65%         4    #####..


Dungeon Overview and Level Annotations

Branches:
Dungeon (1/15)

Altars:


Innate Abilities, Weirdness & Mutations

You are small and have problems with some larger weapons.
You are carnivorous and can eat meat at any time.


Message History

Confirm with . or Enter, or press ? or * to list all spells.
The frilled lizard closely misses you. The hobgoblin closely misses you.
The kobold hits you with a cursed -1 short sword.
Your quokka bites the frilled lizard.
The frilled lizard dies!
Casting: Summon Small Mammal (safe; 3% risk of failure)
Confirm with . or Enter, or press ? or * to list all spells.
The bat misses you. The hobgoblin closely misses you.
The kobold barely misses you.
Your quokka bites the kobold but does no damage.
You closely miss the hobgoblin. The bat hits you but does no damage.
Your quokka barely misses the kobold.
The kobold hits you but does no damage. The hobgoblin misses you.
Your quokka bites the hobgoblin.
The bat misses you.
Your rat closely misses the hobgoblin.
You hit the hobgoblin.
The hobgoblin is severely wounded.
The bat hits you.
Your quokka bites the kobold.
The kobold hits you with a cursed -1 short sword.
Ouch! That really hurt!
You die...

#...........#.......##.
#.#....########........
#..(...# #.#######
###....# ###### #
#...(##.....
#...........
#.....#..... #.....#
...# #..r@.# #r#
.....rg†K# # ......b.r#
.........# .........#
.......... ........##
##.......


You could see a hobgoblin, a bat, a kobold, 2 friendly quokkas and a friendly
rat.

Vanquished Creatures
  3 bats (D:1)
  A jackal zombie (D:1)
4 creatures vanquished.

Vanquished Creatures (collateral kills)
  A frilled lizard (D:1)
  A jackal zombie (D:1)
2 creatures vanquished.

Grand Total: 6 creatures vanquished

Notes
Turn   | Place    | Note
-------+----------+-------------------------------------------
     0 | D:1      | Frack the Kobold Summoner began the quest for the Orb.
     0 | D:1      | Reached XP level 1. HP: 10/10 MP: 3/3
   440 | D:1      | Slain by a kobold

Vault maps used:
D:1:      saegor_arrival_fortress, layout_basic

Action                   || total
-------------------------++-------
Melee: Unarmed           ||    28
 Cast: Summon Small Mamm ||     9
 Stab: Distracted        ||     1
       Sleeping          ||     1
  Eat: Chunk             ||     3
Armor: Robe              ||     8
Dodge: Dodged            ||    49

Table legend:
 A = Non-vault XP
 B = Vault XP
 C = Vault XP percentage of total XP
 D = Non-vault monster count
 E = Vault monster count
 F = Vault count percentage of total count
                 A         B        C        D         E       F
            +---------+---------+-------+---------+---------+-------
      Total |       4 |       2 |  33.3 |       4 |       2 |  33.3
            +---------+---------+-------+---------+---------+-------
        D:1 |       4 |       2 |  33.3 |       4 |       2 |  33.3
            +---------+---------+-------+---------+---------+-------
